Frizzbo, lawful female human Knight -- --- --- --.----.-- --.-- |........--- |...| |........---- --.--- --...<..%).----- -- |...| ---- |.........).-#.---- --#.-- -- ---.--- ...--- ---...............#.#-#.......| --|...| ...(. |...--......+...|....#...- #.--..-- -...# ---.-----...#....---.......| -#.....| ##.# |...| --..|...----..^....-- -----....-- |...| ---.--- -#.....| |....)....| |....--.#--- ---.- # |...| |...(----........-- --............N@.-# |.--- |.^..| |......)..|-----|...(---------..u-- |.| ---- |....| --......)-||...||........|---...^.| |.| |..------...----........--...--.#--*-#.#-...#-..| |.----.....................%.........| # |......|#-#- |......---------....|..|.|.##.....-#-- ##......-- ---..--- ---.-##-#-#--|.....-- |........| |..| -- ---....| --.......| ---- |..|.| |..|.---- ------ ------ Frizzbo the Esquire Experience level: 4 Strength: 15 Dexterity: 8 Constitution: 11 Intelligence: 9 Wisdom: 14 Charisma: 17 Health: 0(42) Energy: 34(34) Def: 8 Gold: 197 Moves: 1856 Dungeon seed: kI-p2k15A858SPbD Game ID: Frizzbo_1465767707 Your Inventory: Coins $ - 197 gold pieces Amulets A - an uncursed amulet of reflection (being worn) Weapons a - an uncursed +1 long sword (weapon in hand) b - an uncursed +1 lance Armor e - an uncursed +1 ring mail (being worn) n - an uncursed +0 helmet (being worn) q - an uncursed +0 small shield (being worn) r - an uncursed +0 pair of leather gloves (being worn) z - an uncursed +0 cloak of displacement (being worn) Comestibles d - 9 uncursed apples f - 12 uncursed carrots Scrolls i - a blessed scroll of confuse monster l - an uncursed scroll of enchant armor t - an uncursed scroll of scare monster E - an uncursed scroll of enchant weapon Potions p - an uncursed potion of gain level D - an uncursed potion of blindness Wands c - an uncursed wand of undead turning (0:4) Gems y - 2 uncursed worthless pieces of black glass N - a cursed loadstone Y - an uncursed worthless piece of red glass Spells and supernatural/magical abilities: Name Level Category Fail Memory e - charm monster 3 enchantment 100% 99% l - light 1 divination 100% 94% W - pray for help -- divine ? -- X - turn undead -- divine ? -- Y - supernatural jump -- ability ? -- Your skills at the end: Miscellaneous Skills shield [Basic] wands [Basic] riding [Basic] Weapon Skills long sword [Basic] polearms [Basic] Spellcasting Skills Final Attributes: You were fervently aligned. You were displaced. You could jump. You had reflection. You were unlucky. Lugh was angry with you. You are dead. Vanquished creatures: a large mimic 2 small mimics 2 gnome lords an iguana a giant bat a coyote a giant rat a red mold 8 gnomes 2 garter snakes 6 jackals 2 goblins 3 sewer rats 5 lichens 36 creatures vanquished. Voluntary challenges: You used a wielded weapon 40 times, starting on turn 186. You did not use tools. You read items or engraved 10 times, starting on turn 638. You never genocided any monsters. You never polymorphed an object. You never changed form. You used no wishes. You never split a pudding. You never wrote Elbereth's name. You violated your moral code, losing 1 point of alignment, starting on turn 1189. Dungeon overview: The Dungeons of Doom: levels 1 to 2 Level 1 a fountain a long staircase Level 2 a general store stairs to The Gnomish Mines The Gnomish Mines: Level 3 <- You were here stairs to The Dungeons of Doom History has recorded: On T:1 you entered the Dungeons of Doom to retrieve the Amulet of Yendor! On T:384 you reached level 2 of The Dungeons of Doom. On T:814 you advanced to experience level 2. On T:816 you advanced to experience level 3. On T:878 you advanced to experience level 4. On T:1388 you advanced to experience level 5. On T:1460 you reached level 1 of The Gnomish Mines. Score breakdown: Gold: 197 ( 19 points) Experience: 4 levels ( 300 points) Exploration: 3 levels ( 60 points) Discoveries: 8 items ( 400 points) Variety of kills: 14 monsters ( 700 points) Major goal: (nothing yet) ( 0 points) Survival: died (score multiplied by 3) Total score: 4437 Latest messages: You displace Ezra. You begin praying to Lugh. The voice of Lugh thunders: "Thou art arrogant, mortal." "Thou must relearn thy lessons!" You feel foolish! Fare thee well level 5. You hear crashing rock. An arrow shoots out at you! You are hit by an arrow! You displace Ezra. You stop. Ezra is in the way! The guardian naga hatchling bites! You don't have enough stamina to move. The guardian naga hatchling bites! You don't have enough stamina to move. The guardian naga hatchling bites! The guardian naga hatchling misses. You don't have enough stamina to move. The guardian naga hatchling misses. (2x) You don't have enough stamina to move. The guardian naga hatchling bites! You die... Final status: Fare thee well Frizzbo the Knight, killed by a guardian naga hatchling... You died in The Gnomish Mines on dungeon level 3 with 4437 points, and 197 pieces of gold, after 1856 moves. You were level 4 with a maximum of 42 hit points when you died.